 Dungeon Crawl Stone Soup version 0.29-a0-416-g83a48905f1 (webtiles) character file.

Game seed: 13873286643660526077

344 xian the Covered (level 6, -2/55 HPs)
             Began as a Minotaur Fighter on May 16, 2022.
             Was a Believer of Okawaru.
             Slain by Grinder (3 damage)
             ... on level 4 of the Dungeon.
             The game lasted 00:11:55 (2469 turns).

xian the Covered (Minotaur Fighter)                 Turns: 2469, Time: 00:11:56

Health: -2/55      AC:  7    Str: 23    XL:     6   Next: 31%
Magic:  5/5        EV: 10    Int:  5    God:    Okawaru [**....]
Gold:   132        SH:  9    Dex:  9    Spells: 5/5 levels left

rFire   . . .      SeeInvis .   q - +1 short sword (drain)
rCold   . . .      Faith    .   c - +0 buckler
rNeg    . . .      Spirit   .   b - +0 scale mail
rPois   .          Reflect  +   (helmet restricted)
rElec   .          Harm     .   (no cloak)
rCorr   .          Rampage  .   (no gloves)
Will    +....                   (no boots)
Stlth   ..........              e - amulet of reflection
HPRegen 0.18/turn               k - ring of willpower
MPRegen 0.09/turn               (no ring)

@: no status effects
A: horns 2, retaliatory headbutt
a: Renounce Religion, Heroism


You were on level 4 of the Dungeon.
You worshipped Okawaru.
Okawaru was pleased with you.
You visited 1 branch of the dungeon, and saw 4 of its levels.

You collected 132 gold pieces.

Inventory:

Hand Weapons
 a - a +0 trident
 q - a +1 short sword of draining (weapon)
Missiles
 n - 3 boomerangs (quivered)
Armour
 b - a +0 scale mail (worn)
 c - a +0 buckler (worn)
Jewellery
 e - an amulet of reflection (around neck)
 k - a ring of willpower (left hand)
Wands
 r - a wand of iceblast (3)
Scrolls
 f - 5 scrolls of identify {unknown}
 h - 2 scrolls of vulnerability {unknown}
 j - 2 scrolls of noise {unknown}
 l - a scroll of blinking {unknown}
 o - a scroll of teleportation {unknown}
 s - a scroll of poison {unknown}
Potions
 d - 5 potions of might
 g - a potion of berserk rage {unknown}
 i - a potion of curing {unknown}
 p - 2 potions of attraction {unknown}


   Skills:
 + Level 4.8 Fighting
 + Level 1.1 Short Blades
 + Level 4.7 Polearms
 + Level 0.2 Throwing
 + Level 5.1 Armour
 + Level 1.6 Dodging
 + Level 0.1 Stealth
 + Level 4.9 Shields
 + Level 0.1 Invocations


You had 5 spell levels left.
You didn't know any spells.
Your spell library contained the following spells:

 Spells                   Type           Power      Damage    Failure   Level
 Pain                     Necr           0%         1d4       86%         1
 Vampiric Draining        Necr           0%         2d6       99%         3
 Animate Skeleton         Necr           Unusable   N/A       N/A         1
 Summon Small Mammal      Summ           Unusable   N/A       N/A         1
 Call Canine Familiar     Summ           Unusable   N/A       N/A         3
 Summon Guardian Golem    Hex/Summ       Unusable   N/A       N/A         3

Dungeon Overview and Level Annotations

Branches:
Dungeon (4/15)
 Temple: D:4-7

Altars:
Nemelex Xobeh
Okawaru
Xom

Shops:
D:1 [   D:2 *

Annotations:
D:4 Grinder


Innate Abilities, Weirdness & Mutations

You have a pair of horns on your head.
You reflexively headbutt those who attack you in melee.


Message History

Pain shoots through your body!
You are too injured to fight recklessly!
Throw: dart (poison)
Press: ? - help, Q - select action, (/) - cycle Shift-Dir - straight line, f/p - Grinder
Aim: Grinder (moderately wounded, very poisoned, 52% to hit)
You throw a poisoned dart. The poisoned dart hits Grinder.
Grinder is moderately wounded.
Throw: 3 boomerangs
Press: ? - help, Q - select action, (/) - cycle Shift-Dir - straight line, f/p - Grinder
Aim: Grinder (moderately wounded, poisoned, 52% to hit)
You throw a boomerang.
The boomerang hits Grinder but does no damage.
Grinder is moderately wounded.
Grinder hits you but does no damage.
You barely miss Grinder.
Grinder is lightly wounded.
Grinder hits you.
You writhe in agony.
* * * LOW HITPOINT WARNING * * *
Unknown command.
You closely miss Grinder.
Grinder is moderately wounded.
Grinder closely misses you.
You hit Grinder.
Grinder is heavily wounded.
You block Grinder's attack.
You closely miss Grinder.
Grinder is heavily wounded.
Grinder hits you.
* * * LOW HITPOINT WARNING * * *
Unknown command.
You closely miss Grinder.
Grinder is heavily wounded.
Grinder says, "Are you a fish?" Grinder gestures at you.
Pain shoots through your body!
* * * LOW HITPOINT WARNING * * *
You hit Grinder but do no damage.
Grinder is heavily wounded.
Grinder looks more healthy.
Grinder hits you.
You die...

### ##.. .. .#.. ..
..... ..# ... ......
..## #>..
......###..##....
.<..............#
.........@...##.#
.........5.......
#.......(....... ##
.#.##...†(...##..
#.....#......††....#
.
...##....##...#..#$..
#......#...(.(#.##...
#....###.(.###......
#......††.........


You could see Grinder.

Vanquished Creatures
  A black bear (D:4)
  An ice beast (D:4)
  An orc priest (D:2)
  3 adders
  A worm (D:2)
  2 dart slugs
  5 orcs
  7 ball pythons
  5 endoplasms
  5 giant cockroaches
  5 goblins
  12 hobgoblins
  7 jackals
  10 kobolds
  6 quokkas
  8 bats
  5 frilled lizards
  4 rats
88 creatures vanquished.

Vanquished Creatures (others)
  2 plants
2 creatures vanquished.

Grand Total: 90 creatures vanquished

Notes
Turn   | Place    | Note
-------+----------+-------------------------------------------
     0 | D:1      | xian the Minotaur Fighter began the quest for the Orb.
     0 | D:1      | Reached XP level 1. HP: 19/19 MP: 0/0
    28 | D:1      | Reached XP level 2. HP: 26/27 MP: 1/1
   244 | D:1      | Found a faded altar of an unknown god.
   252 | D:1      | Prayed at the altar of an unknown god.
   252 | D:1      | Became a worshipper of Warmaster Okawaru
   252 | D:1      | Reached * piety under Okawaru
   268 | D:1      | Reached skill level 4 in Armour
   314 | D:1      | Reached XP level 3. HP: 33/33 MP: 2/2
   322 | D:1      | Found Atuotef's Antique Armour Shoppe.
   807 | D:2      | Found Gaegi's Assorted Antiques.
   951 | D:2      | Reached XP level 4. HP: 41/41 MP: 3/3
   967 | D:2      | Reached skill level 1 in Dodging
  1419 | D:3      | Found a shimmering altar of Xom.
  2228 | D:4      | Noticed a black bear
  2245 | D:4      | Killed a black bear
  2246 | D:4      | Reached XP level 5. HP: 36/47 MP: 1/4
  2332 | D:4      | Noticed an ice beast
  2351 | D:4      | Killed an ice beast
  2351 | D:4      | Reached ** piety under Okawaru
  2352 | D:4      | Reached skill level 1 in Short Blades
  2352 | D:4      | Reached skill level 5 in Armour
  2352 | D:4      | Reached XP level 6. HP: 10/55 MP: 5/5
  2426 | D:4      | Found a sparkling altar of Nemelex Xobeh.
  2431 | D:4      | Noticed Grinder
  2437 | D:4      | Paralysed by Grinder for 2 turns
  2468 | D:4      | HP: 1/55 [Grinder/nerve-wracking pain (11)]
  2469 | D:4      | Slain by Grinder

Illustrated notes

Levels and vault maps discovered:
D:1:      wander_arrival_fairy_ring, layout_rooms, serial_shops, shop,
          dreamdust_ecumenical_altar_angels_and_demons, nrook_mini_vaults
D:2:      layout_basic, serial_shops, nicolae_shop_overgrown_old_shop,
          minmay_heptomino_o4
D:3:      layout_loops_ring, mainiacjoe_overflow_24_doors
D:4:      layout_cave_pools, lemuel_mausoleum_altar_yredelemnul,
          nemelex_xobeh_ov_fountains_minmay, temple_doors_ab, uniq_grinder

Skill      XL: |  1  2  3  4  5 |
---------------+----------------+-----
Fighting       | 4 |  4.8
Shields        | 4 |  4.9
Armour         | 4 5 |  5.1
Polearms       | 3 4 |  4.7
Dodging        | 1 |  1.6
Short Blades   | 1 |  1.1
Throwing       | |  0.2
Stealth        | |  0.1
Invocations    | |  0.1

Action                   |  1- 3 |  4- 6 || total
-------------------------+-------+-------++-------
Melee: Trident           |   127 |    61 ||   188
       Headbutt          |    16 |    17 ||    33
       Short sword       |       |    68 ||    68
Throw: Dart              |       |    12 ||    12
       Boomerang         |       |     2 ||     2
Invok: Heroism           |       |     2 ||     2
Armor: Scale mail        |    68 |    62 ||   130
Dodge: Dodged            |    69 |    55 ||   124
Block: Buckler           |    61 |    82 ||   143
       Reflection        |       |     4 ||     4

Table legend: (Time is in decaauts)
 A = Elapsed time spent in this place.
 B = Non-inter-level travel time spent in this place.
 C = Inter-level travel time spent in this place.
 D = Time resting spent in this place.
 E = Time spent auto-exploring this place.
 F = Levels seen in this place.
 G = Mean time per level.
                   A        B        C        D        E       F      G
               +--------+--------+--------+--------+--------+-----+--------+
         Total |   2504 |   2439 |     65 |      8 |   1608 |   4 |  626.0 |
       Dungeon |   2504 |   2439 |     65 |      8 |   1608 |   4 |  626.0 |
               +--------+--------+--------+--------+--------+-----+--------+

Top non-repeatable levels by time:
     D:3: 926 daAuts
     D:2: 705 daAuts
     D:1: 626 daAuts
     D:4: 246 daAuts
